 Dungeon Crawl Stone Soup version 0.17-a0-1115-g0372368 (webtiles) character file.

8037 abixa the Basher (level 11, -11/120 HPs)
             Began as an Ogre Hunter on May 23, 2015.
             Was an Elder of Okawaru.
             Mangled by a red ugly thing (19 damage)
             ... on level 10 of the Dungeon.
             The game lasted 01:16:49 (14989 turns).

abixa the Basher (Ogre Hunter)                     Turns: 14989, Time: 01:16:49

Health: -11/120    AC:  6    Str: 22    XL:     11   Next: 24%
Magic:  11/11      EV: 10    Int: 10    God:    Okawaru [****..]
Gold:   151        SH:  0    Dex: 10    Spells: 0 memorised, 10 levels left

rFire  . . .     SeeInvis +     g - +2 dire flail
rCold  . . .     Clarity  .     P - +1 robe {rN+}
rNeg   + + .     SustAt   .     (no shield)
rPois  +         Gourm    .     (helmet restricted)
rElec  .         Spirit   .     F - +0 cloak
rCorr  .         Warding  +     (gloves unavailable)
rMut   .         Stasis   .     (boots unavailable)
MR     +....                    n - amulet of warding
Stlth  +.........               L - ring of see invisible
                                H - ring of poison resistance

@: studying Hexes, drained, somewhat resistant to hostile enchantments, very
unstealthy
A: unfitting armour, tough skin 1
a: Heroism, Renounce Religion


You were on level 10 of the Dungeon.
You worshipped Okawaru.
Okawaru was greatly pleased with you.
You were not hungry.

You visited 2 branches of the dungeon, and saw 11 of its levels.
You also visited: Sewer and Ossuary.

You collected 547 gold pieces.
You spent 396 gold pieces at shops.

Inventory:

Hand weapons
 g - a +2 dire flail (weapon)
 u - a +0 hunting sling
 w - a +0 halberd of freezing
 W - the +4 blowgun of Vengeance {evade, rC+++ MR- SInv Stlth+}
   (You bought it in a shop on level 6 of the Dungeon)

   It affects your evasion (+5 to EV).
   It renders you almost immune to cold.
   It affects your resistance to hostile enchantments.
   It lets you see invisible.
   It makes you more stealthy.
Missiles
 b - 8 large rocks
 c - 2 throwing nets
 m - 267 stones (quivered)
 v - 137 sling bullets
 G - 7 needles of confusion
 K - 6 steel javelins
 N - 17 poisoned needles
 U - 3 steel sling bullets
Armour
 F - a +0 cloak (worn)
 P - a +1 robe of positive energy (worn)
 Y - a +0 ice dragon armour
Jewellery
 n - an amulet of warding (around neck)
 H - a ring of poison resistance (left hand)
 L - a ring of see invisible (right hand)
 M - an uncursed amulet of resist mutation {unknown}
 Q - an uncursed amulet of resist corrosion {unknown}
Magical devices
 x - a wand of fireball (5)
 S - a wand of hasting (4)
 V - a wand of paralysis (12)
Scrolls
 d - a scroll of blinking {unknown}
 f - 4 scrolls of enchant weapon
 h - 7 scrolls of remove curse
 p - 2 scrolls of amnesia
 y - 4 scrolls of teleportation
 z - 4 scrolls of magic mapping
 I - a scroll of fog {unknown}
 J - a scroll of immolation {unknown}
Potions
 a - 7 potions of flight
 l - 6 potions of heal wounds
 o - 5 potions of curing
 q - a potion of poison {unknown}
 t - 2 potions of haste
 A - 2 potions of ambrosia
 B - 2 potions of berserk rage
 D - a potion of cure mutation {unknown}
 E - a potion of brilliance {unknown}
 O - 2 potions of resistance
 R - a potion of might {unknown}
 T - a potion of magic {unknown}
 Z - a potion of agility {unknown}
Books
 j - a manual of Hexes
Comestibles
 e - 8 bread rations
 i - 3 beef jerkies
 k - 5 meat rations
 r - 4 chunks of flesh
 s - 7 slices of pizza
 C - 2 royal jellies


   Skills:
 - Level 11.2(11.1) Fighting
 + Level 13.5(13.4) Maces & Flails
 - Level 4.3(4.2) Throwing
 + Level 8.4(8.3) Armour
 - Level 1.7(1.6) Dodging
 - Level 0.7(0.6) Stealth
 - Level 1.0 Invocations


You had 10 spell levels left.
You didn't know any spells.

Dungeon Overview and Level Annotations

Branches:
Dungeon (10/15)            Temple (1/1) D:5
   Lair: D:8-11         Orc: D:9-12

Altars:
Ashenzari
Cheibriados
Dithmenos
Elyvilon
Fedhas
Gozag
Kikubaaqudgha
Makhleb
Nemelex Xobeh
Okawaru
Qazlal
Ru
Sif Muna
Trog
Vehumet
Xom
Yredelemnul
The Shining One

Shops:
D:6 *   D:7 ((?(

Annotations:
D:3 Charly's ghost, weakling VSMo


Innate Abilities, Weirdness & Mutations

You are too large for most types of armour.
You have tough skin (AC +1).


Message History

You puncture the red ugly thing!
The red ugly thing is heavily wounded.
The red ugly thing punches you but does no damage.
You completely miss the red ugly thing.
The red ugly thing is heavily wounded.
You closely miss the red ugly thing.
The red ugly thing is heavily wounded.
The red ugly thing punches you!
You are engulfed in flames!!
You closely miss the red ugly thing.
The red ugly thing is heavily wounded.
You barely miss the red ugly thing.
The red ugly thing is heavily wounded.
The red ugly thing punches you.
You are engulfed in flames!!
* * * LOW HITPOINT WARNING * * *
You barely miss the red ugly thing.
The red ugly thing is heavily wounded.
The red ugly thing punches you!
* * * LOW HITPOINT WARNING * * *
You are engulfed in flames!!
You die...

###### .....#
####.########
.(<........>#
#.##.######.########
#(##.# #.#...)@.#
#.##.# #.#.####u#
#(##.######.#.# (#
..##.#......#.# (#
..##.#.######.# .#
..##.#.######.# .#
..##.#........# .#
.....#..####### .#
.....#..#


You could see a red ugly thing.

Vanquished Creatures
  An ettin (D:9)
  A wolf spider (D:10)
  A cyclops (D:10)
  A komodo dragon (D:10)
  A two-headed ogre (D:10)
  A wyvern (D:10)
  A yak (D:8)
  A hog (D:8)
  A hungry ghost (D:9)
  A hippogriff (D:7)
  A human (D:8)
  A soldier ant (D:9)
  An ice beast (D:9)
  4 sky beasts
  An orc warrior (D:7)
  A black bear (D:8)
  8 ogres
  3 centaurs
  A phantom (D:9)
  A big kobold (Sewer)
  3 elf zombies (Ossuary)
  3 giant frogs
  2 scorpions
  9 killer bees (D:8)
  18 wights
  12 crimson imps
  A giant frog skeleton (D:9)
  3 jellies
  9 hounds
  4 worker ants
  A human zombie (Ossuary)
  4 orc priests
  2 iguanas (D:9)
  A centaur skeleton (D:9)
  6 orc wizards
  2 sheep (D:8)
  A big kobold zombie (Ossuary)
  A hound zombie (Ossuary)
  3 mummies (Ossuary)
  8 gnolls
  11 adders
  2 river rats (Sewer)
  A white imp (D:9)
  3 shadow imps
  5 oozes
  4 adder zombies (Ossuary)
  3 worms
  12 giant geckos
  28 orcs
  A ball python (D:2)
  11 giant cockroaches
  3 gnoll zombies
  15 goblins
  10 hobgoblins
  10 jackals
  A ball python skeleton (D:4)
  21 bats
  A giant gecko skeleton (D:9)
  A giant gecko zombie (D:8)
  5 giant newts
  4 goblin zombies (Ossuary)
  4 hobgoblin zombies (Ossuary)
  3 jackal zombies (Ossuary)
  19 kobolds
  7 kobold zombies (Ossuary)
  3 orc zombies (Ossuary)
  4 quokkas
  A quokka zombie (Ossuary)
  22 rats
  A rat zombie (Ossuary)
341 creatures vanquished.

Vanquished Creatures (others)
  A bat (D:3)
1 creature vanquished.

Grand Total: 342 creatures vanquished

Notes
Turn   | Place    | Note
--------------------------------------------------------------
     0 | D:1      | abixa the Ogre Hunter began the quest for the Orb.
     0 | D:1      | Reached XP level 1. HP: 22/22 MP: 1/1
     1 | D:1      | Found a runed door.
   151 | D:1      | Reached XP level 2. HP: 8/31 MP: 2/2
   506 | D:1      | Found a shimmering altar of Xom.
   624 | D:1      | Reached skill level 1 in Maces & Flails
  1058 | D:2      | Reached XP level 3. HP: 9/39 MP: 3/3
  1888 | D:1      | Reached XP level 4. HP: 8/48 MP: 4/4
  1904 | D:1      | HP: 1/48 [giant cockroach (2)]
  3078 | D:3      | Noticed Charly's ghost (weakling VSMo)
  3288 | D:3      | Found a sacrificial altar of Ru.
  3320 | D:3      | Reached skill level 5 in Maces & Flails
  3320 | D:3      | Reached XP level 5. HP: 23/54 MP: 5/5
  3489 | D:3      | Became a worshipper of Ru the Awakened
  4497 | D:4      | Reached skill level 6 in Maces & Flails
  4661 | D:4      | Reached skill level 7 in Maces & Flails
  4661 | D:4      | Reached XP level 6. HP: 11/62 MP: 6/6
  4791 | D:4      | Found a sand-covered staircase.
  4973 | Ossuary  | Entered an ossuary
  5328 | Ossuary  | Reached skill level 8 in Maces & Flails
  5604 | Ossuary  | Reached XP level 7. HP: 54/68 MP: 7/7
  5748 | Ossuary  | Reached skill level 9 in Maces & Flails
  6413 | D:4      | Found a basalt altar of Yredelemnul.
  6891 | D:4      | Found a glowing golden altar of the Shining One.
  6991 | D:5      | Entered Level 5 of the Dungeon
  7250 | D:5      | Reached skill level 5 in Fighting
  7303 | D:4      | Reached skill level 10 in Maces & Flails
  7398 | D:4      | Reached XP level 8. HP: 49/81 MP: 8/8
  7984 | D:5      | Found a stormy altar of Qazlal.
  7986 | D:5      | Found a sparkling altar of Nemelex Xobeh.
  8117 | D:5      | Found a burning altar of Makhleb.
  8402 | D:5      | Found a staircase to the Ecumenical Temple.
  8414 | Temple   | Entered the Ecumenical Temple
  8450 | Temple   | Fell from the grace of Ru
  8450 | Temple   | Became a worshipper of Warmaster Okawaru
  8645 | D:6      | Reached skill level 11 in Maces & Flails
  9005 | D:6      | Acquired Okawaru's first power
  9005 | D:6      | Reached XP level 9. HP: 67/96 MP: 9/9
  9093 | D:6      | Found Zoluek's Assorted Antiques.
  9096 | D:6      | Bought a cyan potion for 22 gold pieces
  9096 | D:6      | Bought a puce potion for 22 gold pieces
  9096 | D:6      | Bought a scroll labeled SAIJEPLAMA for 25 gold pieces
  9096 | D:6      | Bought a bronze wand for 100 gold pieces
  9096 | D:6      | Bought a translucent blowgun for 187 gold pieces
  9155 | D:6      | Reached skill level 12 in Maces & Flails
  9252 | D:6      | Found a glowing drain.
  9267 | Sewer    | Entered a sewer
  9415 | Sewer    | Identified the +4 blowgun of Vengeance {evade, rC+++ MR- SInv Stlth+} (You bought it in a shop on level 6 of the Dungeon)
  9447 | Sewer    | Found a white marble altar of Elyvilon.
 10118 | D:7      | Reached skill level 10 in Fighting
 10153 | D:7      | Found Gafa's Antique Weapon Emporium.
 10173 | D:7      | Found Wannedd's Weapon Boutique.
 10417 | D:7      | Found Adwur's Antique Weapon Shop.
 10471 | D:7      | Found Juxiomyzif's Magic Scroll Emporium.
 10474 | D:7      | Bought a scroll of noise for 10 gold pieces
 10474 | D:7      | Bought a scroll of teleportation for 30 gold pieces
 10855 | D:8      | Reached skill level 1 in Armour
 11385 | D:8      | Reached XP level 10. HP: 102/114 MP: 10/10
 11881 | D:8      | Reached skill level 5 in Armour
 13164 | D:9      | Reached skill level 1 in Invocations
 13533 | D:10     | Entered Level 10 of the Dungeon
 13544 | D:10     | Noticed an ettin
 13544 | D:10     | Noticed a wolf spider
 13560 | D:10     | Killed a wolf spider
 13583 | D:9      | Killed an ettin
 13583 | D:9      | Received a gift from Okawaru
 13583 | D:9      | Reached skill level 13 in Maces & Flails
 13583 | D:9      | Reached XP level 11. HP: 48/120 MP: 11/11
 13905 | D:10     | Noticed a cyclops
 13917 | D:10     | Identified 2 scrolls of acquirement
 13940 | D:10     | Killed a cyclops
 14056 | D:10     | Noticed a red ugly thing
 14989 | D:10     | Mangled by a red ugly thing

Vault maps used:
D:1:      dpeg_arrival_caged_fury, solitary_fountain, xom_teletrap_fun
D:2:      first_bread, item_on_display_a
D:3:      nicolae_ru_great_annihilating_truth, lemuel_old_faithful
D:4:      lemuel_zombie_altar_yredelemnul, enter_ossuary_5, moated_statue,
          st_stairs_13, grunt_ministairs_4, nicolae_tso_carved_into_rock
D:5:      makhleb_heckhound_becter, nicolae_overflow_hidden_temple, temple_green
D:6:      serial_shops, kennysheep_mini, gup_sewer_entry_pipe
D:7:      serial_shops, shop_fountains, shop, nicolae_shop_window_shopping,
          shop_fountains
D:8:      grunt_livestock
D:9:      minmay_nine_imps
D:10:     minmay_diamond_stairs, lair_0_dummy, erik_orc_1
Temple:   circular_temple_12
Sewer:    sewer_kobolds
Ossuary:  minmay_ossuary_two_tombs

Action                   |  1- 3 |  4- 6 |  7- 9 | 10-12 || total
-------------------------+-------+-------+-------+-------++-------
Melee: Short sword       |    59 |       |       |       ||    59
       Club              |   162 |   280 |       |       ||   442
       Mace              |       |   103 |   107 |       ||   210
       Morningstar       |       |       |   284 |   164 ||   448
       Whip              |       |       |   142 |    74 ||   216
       Dagger            |       |       |       |    56 ||    56
       Dire flail        |       |       |       |   105 ||   105
 Fire: Blowgun           |       |       |    15 |    15 ||    30
Throw: Stone             |    26 |   124 |    98 |    16 ||   264
       Large rock        |       |     2 |       |       ||     2
Invok: Heroism           |       |       |       |     1 ||     1
  Use: Scroll            |       |     3 |    11 |     4 ||    18
 Stab: Paralysed         |       |     3 |       |       ||     3
       Confused          |       |       |     2 |       ||     2
  Eat: Chunk             |     3 |    11 |    17 |    13 ||    44
       Pizza             |       |       |     1 |       ||     1
       Beef jerky        |       |       |     1 |       ||     1
